 Dungeon Crawl Stone Soup version 0.29.1-4-g47bece8355 (webtiles) character file.

Game seed: 5961196777252088932

501 cheesebisquit the Cleaver (level 6, -5/56 HPs)
             Began as a Minotaur Berserker on Dec 8, 2022.
             Was a Believer of Trog.
             Slain by an ice beast (14 damage)
             ... on level 6 of the Dungeon.
             The game lasted 00:18:58 (4099 turns).

cheesebisquit the Cleaver (Minotaur Berserker)      Turns: 4099, Time: 00:18:58

Health: -5/56      AC:  9    Str: 24    XL:     6   Next: 95%
Magic:  5/5        EV:  7    Int:  4    God:    Trog [**....]
Gold:   243        SH: 12    Dex: 15    Spells: 5/5 levels left

rFire   . . .      SeeInvis .   a - +0 hand axe
rCold   . . .      Faith    .   w - +0 tower shield
rNeg    . . .      Spirit   .   n - +0 ring mail
rPois   .          Reflect  .   r - +0 hat
rElec   .          Harm     .   (no cloak)
rCorr   .          Rampage  .   (no gloves)
Will    ++...                   (no boots)
Stlth   +.........              (no amulet)
HPRegen 1.18/turn               e - +6 ring of dexterity
MPRegen 0.09/turn               q - +4 ring of protection

@: strong-willed, regenerating
A: horns 2, retaliatory headbutt
a: Renounce Religion, Berserk, Trog's Hand


You were on level 6 of the Dungeon.
You worshipped Trog.
Trog was pleased with you.
You visited 1 branch of the dungeon, and saw 6 of its levels.

You collected 243 gold pieces.

Inventory:

Hand Weapons
 a - a +0 hand axe (weapon)
 s - the +6 short sword of Quantum Leap {venom, Will+ Str+2 Int+2 Dex-3}
   (You found it on level 3 of the Dungeon)

   It poisons the flesh of those it strikes.
   Str:       It affects your strength (+2).
   Int:       It affects your intelligence (+2).
   Dex:       It affects your dexterity (-3).
   Will:      It increases your willpower.
Missiles
 m - 35 stones (quivered)
 o - 4 poisoned darts
Armour
 b - a +0 animal skin
 n - a +0 ring mail (worn)
 r - a +0 hat (worn)
 w - a +0 tower shield (worn)
Jewellery
 d - a +6 ring of intelligence
 e - a +6 ring of dexterity (left hand)
 q - a +4 ring of protection (right hand)
 y - a ring of flight
Wands
 u - a wand of iceblast (16)
Scrolls
 i - a scroll of poison
 k - a scroll of enchant weapon {unknown}
 l - a scroll of identify {unknown}
 t - a scroll of vulnerability {unknown}
Potions
 c - 2 potions of heal wounds {unknown}
 f - 4 potions of curing {unknown}
 g - 2 potions of mutation {unknown}
 h - 3 potions of might {unknown}
 j - 2 potions of attraction {unknown}
 p - a potion of lignification {unknown}
 v - 2 potions of berserk rage {unknown}
 x - 2 potions of haste {unknown}


   Skills:
 + Level 5.4 Fighting
 + Level 8.2 Axes
 - Level 2.4 Armour
 - Level 2.1 Dodging
 + Level 1.9 Shields


You had 5 spell levels left.
You didn't know any spells.
Your spell library was empty.

Dungeon Overview and Level Annotations

Branches:
Dungeon (5/15)             Temple (0/1) D:6

Altars:
Nemelex Xobeh
Vehumet
The Shining One

Shops:
D:2 [


Innate Abilities, Weirdness & Mutations

You have a pair of horns on your head.
You reflexively headbutt those who attack you in melee.


Message History

Trog accepts your kill.
You feel sick.
You feel sick.
You feel sick.
You are no longer poisoned.
u - a wand of iceblast (16) (gained 5 charges)
j - 2 murky amethyst potions (gained 1)
Found a leather armour.
You see here a +0 leather armour.
An ice beast comes into view.
You block the ice beast's attack.
You hit the ice beast but do no damage. Your headbutt misses the ice beast.
The ice beast hits you. The ice beast freezes you!
You block the ice beast's attack.
You hit the ice beast but do no damage. The ice beast barely misses you.
You furiously retaliate!
You headbutt the ice beast, but do no damage.
You barely miss the ice beast. You block the ice beast's attack.
You hit the ice beast but do no damage. The ice beast barely misses you.
You furiously retaliate!
You headbutt the ice beast. You barely miss the ice beast.
The ice beast is lightly wounded.
The ice beast hits you. The ice beast freezes you!
The ice beast hits you but does no damage.
Your skin crawls.
You feel strong-willed. You block the ice beast's attack.
You hit the ice beast but do no damage. You headbutt the ice beast.
The ice beast is moderately wounded.
The ice beast hits you. The ice beast freezes you!
You hit the ice beast. You headbutt the ice beast!
The ice beast is severely wounded.
The ice beast hits you. The ice beast freezes you.
* * * LOW HITPOINT WARNING * * *
You barely miss the ice beast.
The ice beast is severely wounded.
The ice beast hits you.
* * * LOW HITPOINT WARNING * * *
The ice beast freezes you!
You die...

#..#.#.#..[........#.#
##.#...#.#.#...#.#.#.#
#######.....<.###.#.#......
.........#.##...####.##.#<#
########.#.#.....######....
#.#........# #.#.#
#..........#####.#.#
###............†.#.#
###@#.....######.#.#
......Y........#####.#.#
#######..............#.#
########.........#
###########


You could see an ice beast.

Vanquished Creatures
  A bullfrog (D:4)
  2 gnoll boudas
  A hound (D:6)
  2 iguanas (D:6)
  Jessica (D:2)
  16 gnolls
  5 adders
  2 worms
  A dart slug (D:4)
  An orc (D:3)
  8 endoplasms
  3 giant cockroaches
  7 goblins
  5 hobgoblins
  4 quokkas
  7 ball pythons
  4 bats
  4 frilled lizards
  4 kobolds
  6 rats
84 creatures vanquished.

Notes
Turn   | Place    | Note
-------+----------+-------------------------------------------
     0 | D:1      | cheesebisquit the Minotaur Berserker began the quest for
                  | the Orb.
     0 | D:1      | Reached XP level 1. HP: 19/19 MP: 0/0
    17 | D:1      | Reached skill level 4 in Axes
    49 | D:1      | Reached XP level 2. HP: 23/26 MP: 1/1
   284 | D:1      | Reached skill level 5 in Axes
   284 | D:1      | Reached XP level 3. HP: 31/31 MP: 2/2
   775 | D:1      | Reached ** piety under Trog
   977 | D:2      | Found Rybuizal's Antique Armour Boutique.
  1270 | D:2      | Noticed Jessica
  1276 | D:2      | Killed Jessica
  1277 | D:2      | Reached skill level 6 in Axes
  1277 | D:2      | Reached XP level 4. HP: 39/39 MP: 3/3
  1908 | D:3      | Found a faded altar of an unknown god.
  1956 | D:3      | Reached skill level 7 in Axes
  1956 | D:3      | Reached XP level 5. HP: 43/45 MP: 4/4
  2259 | D:3      | Identified the +6 short sword of Quantum Leap {venom, Will+
                  | Str+2 Int+2 Dex-3}
  2536 | D:3      | Found a radiant altar of Vehumet.
  2785 | D:4      | Found a sparkling altar of Nemelex Xobeh.
  2951 | D:4      | Found a glowing golden altar of the Shining One.
  3026 | D:4      | Reached XP level 6. HP: 53/53 MP: 5/5
  3521 | D:5      | Entered Level 5 of the Dungeon
  3552 | D:5      | You fall into a shaft and drop 1 floor!
  3557 | D:6      | Found a staircase to the Ecumenical Temple.
  3577 | D:6      | Reached skill level 5 in Fighting
  3635 | D:6      | Reached skill level 8 in Axes
  3642 | D:6      | Reached skill level 1 in Shields
  4084 | D:6      | Noticed an ice beast
  4099 | D:6      | Slain by an ice beast

Illustrated notes

Levels and vault maps discovered:
D:1:      lemuel_arrival_broad_hall, layout_rooms
D:2:      layout_basic, serial_shops, shop, uniq_jessica
D:3:      layout_loops_cross, vehumet_crystals, basic_ecumenical_altar,
          kennysheep_nondescript
D:4:      layout_basic, overflow_temple_1_default, general_overflow_altar
D:5:      layout_basic, mainiacjoe_overflow_24_doors, elyvilon_altar_3,
          grunt_decor_arrowhead, hangedman_decor_peaks_small,
          roderic_serpentine_path
D:6:      nicolae_cairo_tiling_large_dashed, layout_loops_ring, temple_statues

Skill      XL: |  1  2  3  4  5  6 |
---------------+-------------------+-----
Axes           | 4 5 6 7 8 |  8.2
Fighting       | 4 5 |  5.4
Shields        | 1 |  1.9
Armour         | |  2.4
Dodging        | |  2.1

Action                   |  1- 3 |  4- 6 || total
-------------------------+-------+-------++-------
Melee: Hand axe          |    63 |    97 ||   160
       Headbutt          |    15 |    17 ||    32
       Punch             |     3 |       ||     3
Invok: Berserk           |     1 |     3 ||     4
       Trog's Hand       |       |     1 ||     1
  Use: Scroll            |       |     1 ||     1
Armor: Animal skin       |     7 |     2 ||     9
       Ring mail         |       |    26 ||    26
Dodge: Dodged            |    34 |    50 ||    84
Block: Tower shield      |       |    22 ||    22
